Map: Lerilak Crest

Players

AgCl

  • Race: Protoss Protoss

Mizizios - Winner!

  • Race: Terran Terran

VOD

Have the link to the VOD?

Description

Time

  • Played on: May 4, 2015, 9:56 p.m.
  • Length: 12:09
Show
View Real Time Build Order
Export as new Build Order

AgCl Protoss 

Build Orders: Oracle Opening, Oracle Opening 

Get SALT Encoding   

  12  0:01  Probe  
  13  0:17  Probe  
  13  0:18  Pylon  
  14  0:36  Probe (Chrono Boost)  
  15  0:46  Probe (Chrono Boost)  
  16  0:53  Probe  
  17  1:01  Gateway  
  17  1:05  Probe  
  18  1:12  Assimilator  
  18  1:17  Probe  
  19  1:23  Assimilator  
  19  1:29  Probe (Chrono Boost)  
  21  1:41  Probe (Chrono Boost)  
  21  1:48  Probe (Chrono Boost)  
  22  1:57  Nexus, Pylon  
  21  2:12  Pylon  
  21  2:15  Zealot  
  23  2:17  Probe (Chrono Boost)  
  23  2:18  Cybernetics Core  
  24  2:27  Probe (Chrono Boost)  
  25  2:34  Probe  
  26  2:46  Probe (Chrono Boost)  
  27  2:56  Probe (Chrono Boost), Pylon  
  28  3:00  Stargate  
  28  3:04  Mothership Core  
  30  3:11  Probe  
  31  3:22  Warp Gate  
  31  3:23  Probe (Chrono Boost)  
  31  3:26  Probe (Chrono Boost)  
  33  3:30  Twilight Council  
  33  3:35  Probe (Chrono Boost)  
  35  3:42  Probe (Chrono Boost)  
  35  3:44  Probe (Chrono Boost)  
  34  3:49  Probe, Oracle (Chrono Boost)  
  34  3:52  Probe  
  38  4:01  Probe  
  39  4:04  Probe, Adept  
  39  4:09  Charge (Chrono Boost)  
  42  4:13  Probe (Chrono Boost)  
  42  4:16  Probe (Chrono Boost)  
  44  4:17  Assimilator  
  44  4:22  Gateway, Assimilator  
  44  4:26  Probe (Chrono Boost)  
  44  4:29  Probe (Chrono Boost)  
  46  4:35  Probe (Chrono Boost)  
  46  4:37  Probe (Chrono Boost)  
  48  4:44  Probe (Chrono Boost)  
  49  4:46  Probe (Chrono Boost)  
  50  4:57  Probe (Chrono Boost)  
  50  4:59  Probe (Chrono Boost)  
  52  5:04  Probe (Chrono Boost)  
  52  5:05  Dark Shrine  
  52  5:06  Probe  
  54  5:09  Gateway  
  54  5:11  Gateway  
  54  5:14  Pylon  
  54  5:15  Probe  
  54  5:18  Probe  
  56  5:27  Probe  
  57  5:31  Probe  
  57  5:35  Gateway, Pylon  
  58  5:39  Probe  
  59  5:43  Probe  
  59  5:49  Templar Archives  
  60  5:52  Gateway  
  60  5:53  Gateway  
  60  5:54  Probe, Gateway  
  60  5:55  Zealot x2  
  60  5:56  Pylon  
  65  5:59  Robotics Facility  
  65  6:11  Pylon  
  65  6:18  Gateway  
  65  6:35  Psionic Storm  
  65  6:36  Probe x2  
  67  6:46  Warp Prism (Chrono Boost)  
  69  6:49  Nexus  
  69  6:53  Assimilator  
  69  6:56  Assimilator  
  69  6:59  Pylon  
  69  7:00  Dark Templar x6  
  79  7:08  Zealot x2  
  77  7:10  Pylon  
  74  7:15  Observer  
  62  7:29  Zealot x2  
  63  7:31  Pylon  
  63  7:32  Zealot x2  
  63  7:36  Probe (Chrono Boost)  
  66  7:40  Zealot x2  
  66  7:42  Probe (Chrono Boost)  
  70  7:50  Warp Prism  
  70  7:51  Pylon  
  70  7:54  Probe (Chrono Boost)  
  70  7:56  Dark Templar x4  
  80  7:59  Probe (Chrono Boost)  
  80  8:04  Probe (Chrono Boost)  
  82  8:06  Forge  
  82  8:08  Pylon  
  82  8:09  Probe (Chrono Boost)  
  82  8:10  Forge  
  82  8:14  Archon x2  
  82  8:19  Pylon  
  81  8:28  Stalker x2  
  81  8:29  Zealot x3  
  71  9:02  Dark Templar x3, Zealot  
  75  9:03  Dark Templar, Zealot x3  
  79  9:16  Probe (Chrono Boost)  
  78  9:21  Probe x2 (Chrono Boost)  
  78  9:24  Dark Templar x2, Zealot x2  
  71  9:25  Mothership Core (Chrono Boost)  
  71  9:29  Probe (Chrono Boost)  
  76  9:37  High Templar  
  76  9:38  High Templar  
  74  9:42  Protoss Ground Weapons Level 1 (Chrono Boost)  
  74  9:50  Observer (Chrono Boost)  
  75  9:56  Probe (Chrono Boost)  
  75  9:59  Photon Cannon  
  78  10:01  Probe x2 (Chrono Boost)  
  78  10:02  Pylon  
  78  10:04  Gateway  
  78  10:05  Probe (Chrono Boost)  
  77  10:07  Gateway  
  77  10:08  Probe x2 (Chrono Boost)  
  79  10:16  Twilight Council  
  79  10:20  Dark Templar x2  
  79  10:21  Zealot x4  
  89  10:24  Archon  
  91  10:35  Dark Templar  
  93  10:36  Dark Templar  
  93  10:40  Archon  
  95  10:50  Zealot  
  95  10:51  Zealot x3  
  93  11:00  High Templar x2  
  93  11:03  Zealot  
  99  11:22  Nexus  
  99  11:23  Observer (Chrono Boost)  
  100  11:27  Pylon  
  100  11:31  Robotics Facility  
  100  11:33  Phoenix (Chrono Boost)  
  100  11:34  Pylon  
  86  11:49  Zealot x2  
  86  11:50  Dark Templar x2, Zealot  
  86  11:51  Dark Templar, Zealot  
  78  12:02  Zealot x3  
  78  12:05  Archon  
Show
View Real Time Build Order
Export as new Build Order

Mizizios Terran - Winner!

Build Orders: Reaper Expand, MMM Bio 

Get SALT Encoding   

  12  0:03  SCV  
  13  0:15  SCV  
  13  0:18  Supply Depot  
  14  0:27  SCV  
  15  0:40  SCV, Barracks  
  16  0:45  Refinery  
  16  0:52  SCV  
  18  1:04  SCV  
  18  1:16  SCV  
  19  1:28  Reaper  
  19  1:31  Orbital Command  
  20  1:42  Command Center  
  20  1:53  Supply Depot  
  20  1:57  SCV  
  20  2:00  Marine  
  22  2:12  SCV  
  23  2:18  Barracks  
  23  2:21  Factory  
  23  2:24  SCV  
  23  2:25  Marine  
  25  2:34  Refinery  
  25  2:36  SCV  
  26  2:43  Marine  
  27  2:48  SCV  
  28  2:55  Supply Depot, Orbital Command  
  28  3:01  Marine  
  29  3:05  Starport  
  29  3:06  Barracks Tech Lab, Factory Reactor  
  29  3:11  SCV  
  30  3:18  Marine  
  31  3:22  Orbital Command  
  31  3:30  Stimpack  
  31  3:35  Marauder  
  31  3:38  SCV  
  34  3:49  Marine  
  35  3:55  Marine  
  36  4:06  SCV, Barracks  
  36  4:09  SCV  
  38  4:10  Factory Reactor  
  38  4:12  Viking  
  38  4:14  Medivac  
  42  4:18  SCV  
  42  4:21  SCV  
  44  4:27  Refinery  
  44  4:31  Marauder  
  46  4:32  SCV, Refinery  
  46  4:33  Supply Depot  
  46  4:34  SCV  
  46  4:37  Barracks Reactor  
  48  4:44  SCV  
  49  4:51  Missile Turret  
  49  4:54  Medivac  
  51  5:00  Missile Turret  
  51  5:02  Missile Turret  
  51  5:04  SCV x2, Marine  
  54  5:08  Barracks Reactor  
  54  5:10  Widow Mine x2  
  54  5:14  Supply Depot  
  58  5:17  Supply Depot  
  58  5:18  Supply Depot, Marine x2  
  60  5:27  Marauder  
  61  5:31  Combat Shields  
  61  5:32  SCV  
  63  5:35  SCV  
  63  5:43  Marine x2  
  63  5:44  SCV  
  63  5:46  Marine x2  
  63  5:47  SCV  
  63  5:48  Medivac x2, Marine  
  74  5:56  SCV  
  75  5:59  SCV  
  75  6:01  Marine  
  75  6:02  Marine  
  78  6:04  Marine  
  78  6:08  SCV  
  78  6:09  Marine  
  78  6:10  Command Center  
  81  6:12  SCV, Marauder  
  84  6:21  SCV  
  84  6:22  Supply Depot  
  84  6:24  Supply Depot, SCV  
  86  6:26  Supply Depot  
  86  6:43  SCV, Marine x4  
  86  6:44  Marauder  
  93  6:47  Barracks  
  93  6:50  Barracks, Concussive Shells  
  92  7:05  Marauder  
  92  7:10  Marine  
  92  7:11  Marine x2  
  89  7:16  Marine  
  79  7:26  Marauder  
  79  7:28  Marine x2  
  79  7:29  Marine  
  83  7:34  Marine  
  83  7:35  Barracks  
  79  7:46  Marine x3  
  79  7:48  Marauder  
  81  7:52  Marine  
  80  8:04  Marine x3  
  83  8:09  Marine, Barracks Reactor, Marauder, Widow Mine x2, Medivac x2  
  83  8:10  Barracks Tech Lab  
  86  8:22  Marine x3  
  89  8:27  Marine  
  89  8:30  Marine  
  90  8:38  Widow Mine  
  90  8:40  Marine x5  
  89  8:45  Marine  
  89  8:48  Marine  
  89  8:49  Marine  
  89  8:50  Marine  
  89  8:52  Widow Mine  
  89  8:57  Marine  
  89  8:58  Marauder, Marine x2  
  89  9:03  Marine  
  89  9:05  Barracks Reactor, Marine  
  89  9:06  Widow Mine  
  89  9:07  Marine x2, Orbital Command  
  89  9:09  SCV x2  
  96  9:15  Marine x2  
  96  9:16  Marine  
  92  9:19  Marine  
  92  9:21  SCV, Widow Mine, Marine  
  92  9:23  Marine  
  92  9:24  Missile Turret  
  96  9:25  Marine x2  
  96  9:33  Marine x2  
  96  9:35  Marine, Widow Mine  
  96  9:37  Marine  
  99  9:38  Marine  
  99  9:41  Marine  
  99  9:43  Marine x2  
  101  9:47  Barracks x2  
  101  9:48  Barracks  
  101  9:56  Marine x3  
  101  9:57  Marauder  
  106  10:04  Marine x2  
  106  10:05  Viking x2  
  106  10:06  Missile Turret, Marine x2  
  114  10:07  Marine  
  114  10:11  Marine  
  116  10:15  Missile Turret, Marine x2  
  116  10:16  Marine  
  116  10:18  Marauder  
  121  10:22  Marine x2  
  121  10:24  Marine x2  
  125  10:31  Missile Turret  
  125  10:32  Supply Depot, Missile Turret  
  125  10:38  Supply Depot  
  125  10:42  Supply Depot  
  125  10:46  Barracks Tech Lab  
  125  10:48  Supply Depot  
  125  10:53  SCV x2, Medivac, Marine x4  
  133  11:07  Barracks Reactor  
  133  11:08  Barracks Reactor  
  133  11:11  Barracks Tech Lab  
  133  11:12  Marine x2  
  133  11:13  Marauder x2  
  133  11:15  Marine x3  
  133  11:16  Viking  
  144  11:23  Medivac  
  146  11:25  Supply Depot  
  146  11:28  Supply Depot  
  146  11:45  Marine x2  
  144  11:50  Marine x4  
Tags
 
Add a new tag
Caveats
  • Supply blocks, unpowered buildings, or Contaminate may cause inaccurate times.
  • Supply counts are checked every 10 seconds.